 Dungeon Crawl Stone Soup version 0.30.1-4-g462c640d31 (webtiles) character file.

Game seed: 10550293618746974407

51 Destapler the Conjurer (level 3, -1/21 HPs)
             Began as a Deep Elf Conjurer on Aug 18, 2023.
             Succumbed to Terence's poison
             ... on level 2 of the Dungeon.
             The game lasted 00:04:21 (1150 turns).

Destapler the Conjurer (Deep Elf Conjurer)          Turns: 1150, Time: 00:04:22

Health: -1/21      AC:  3    Str:  4    XL:     3   Next: 57%
Magic:  1/9        EV: 12    Int: 24    God:
Gold:   90         SH:  0    Dex: 13    Spells: 6/8 levels left

rFire   . . .        (no weapon)
rCold   . . .        (no shield)
rNeg    . . .        a - +0 robe
rPois   .            (no helmet)
rElec   .            (no cloak)
rCorr   .            d - +0 pair of gloves
SInv    .            (no boots)
Will    .....        (no amulet)
Stlth   ++           (no ring)
HPRegen 0.23/turn    (no ring)
MPRegen 0.11/turn

%: no passive effects
@: lethally poisoned (-1 -> -12)
A: no striking features
a: no special abilities


You were on level 2 of the Dungeon.
You visited 1 branch of the dungeon, and saw 2 of its levels.

You collected 90 gold pieces.

Inventory:

Armour
 a - a +0 robe (worn)
 d - a +0 pair of gloves (worn)
Scrolls
 e - 2 scrolls of identify {unknown}
Potions
 b - a potion of magic
 c - 4 potions of heal wounds {unknown}
 f - a potion of invisibility {unknown}
 g - a potion of flight {unknown}
 h - a potion of might {unknown}


   Skills:
 - Level 2.0 Fighting
 + Level 2.7 Dodging
 + Level 2.8 Stealth
 - Level 3.0 Spellcasting
 + Level 4.5 Conjurations
 + Level 0.8 Transmutations


You had 6 spell levels left.
You knew the following spells:

 Your Spells              Type           Power      Damage    Failure   Level
a - Magic Dart            Conj           100%       1d8       1%          1
b - Beastly Appendage     Tmut           14%        N/A       8%          1

Your spell library contained the following spells:

 Spells                   Type           Power      Damage    Failure   Level
 Searing Ray              Conj           50%        2d6       2%          2
 Wereblood                Tmut           7%         N/A       12%         2
 Dazzling Flash           Conj/Hex       28%        N/A       13%         3
 Spider Form              Tmut/Pois      5%         N/A       26%         3
 Tukima's Dance           Hex            3%         N/A       32%         3
 Fulminant Prism          Conj/Hex       7%         3d7       38%         4
 Iskenderun's Mystic Bla  Conj/Tloc      14%        2d5       38%         4
 Passage of Golubria      Tloc           3%         N/A       71%         4
 Yara's Violent Unravell  Hex/Tmut       2%         3d3       94%         5


Dungeon Overview and Level Annotations

Branches:
Dungeon (2/15)

Altars:

Annotations:
D:2 Terence


Message History

Found a club.
h - a viscous yellow potion An endoplasm comes into view.
An endoplasm is nearby!
The magic dart hits the endoplasm!
You kill the endoplasm!
You can't see any susceptible monsters within range! (Use Z to cast anyway.) Terence the Incautious comes into view.
He is wielding a +3 hand axe of venom.
The magic dart hits Terence.
Terence is moderately wounded.
The magic dart hits Terence.
Terence is severely wounded.
The magic dart hits Terence but does no damage.
Terence is severely wounded.
Terence drinks a potion.
Terence is healed!
The magic dart hits Terence.
Terence is moderately wounded.
The magic dart hits Terence.
Terence is heavily wounded.
The magic dart hits Terence but does no damage.
Terence is heavily wounded.
The magic dart hits Terence but does no damage.
Terence is heavily wounded.
The magic dart hits Terence but does no damage.
Terence is heavily wounded.
Terence barely misses you.
The magic dart hits Terence but does no damage.
Terence is heavily wounded.
Terence hits you with a +3 hand axe of venom!
The magic dart hits Terence.
Terence is severely wounded.
Terence hits you with a +3 hand axe of venom!
* * * LOW HITPOINT WARNING * * *
Terence attacks as you move away! Terence barely misses you.
Terence looks scornfully at you. Terence attacks as you move away!
Terence hits you with a +3 hand axe of venom.
* * * LOW HITPOINT WARNING * * *
You are lethally poisoned!
You die...

#.......# #.#####.# #.#
#.# #.# #.# #.# #.# #.#
#.######## #.#
#........###
######.#######.........
#......@.@.....####....
#.###.########## #
###.##<..##
#.........##
#.###......## #.#
#.......# #.###.......#
#)........#.#
######...##.# #.#


You could see Terence.

Vanquished Creatures
  2 adders (D:2)
  A worm (D:2)
  A dart slug (D:1)
  5 ball pythons
  7 endoplasms
  A giant cockroach (D:1)
  A goblin (D:1)
  A hobgoblin (D:1)
  A quokka (D:1)
  3 bats
  3 frilled lizards
  2 rats
28 creatures vanquished.

Notes
Turn   | Place    | Note
-------+----------+-------------------------------------------
     0 | D:1      | Destapler the Deep Elf Conjurer began the quest for the
                  | Orb.
     0 | D:1      | Reached XP level 1. HP: 10/10 MP: 6/6
    83 | D:1      | Reached skill level 1 in Fighting
   125 | D:1      | Learned a level 1 spell: Beastly Appendage
   191 | D:1      | Reached XP level 2. HP: 16/16 MP: 5/8
   883 | D:2      | Reached XP level 3. HP: 21/21 MP: 6/9
   924 | D:2      | Identified the +5 war axe of Anguish {heavy, rF- rN+
                  | Stlth+}
  1132 | D:2      | Noticed Terence
  1150 | D:2      | Succumbed to Terence's poison

Illustrated notes

Levels and vault maps discovered:
D:1:      scummos_arrival_checkerplants, layout_rooms
D:2:      layout_loops_ring, uniq_terence

Skill      XL: |  1  2 |
---------------+-------+-----
Fighting       | 1 2 |  2.0
Dodging        | |  2.7
Stealth        | |  2.8
Spellcasting   | |  3.0
Conjurations   | |  4.5
Transmutations | |  0.8

Action                     || total
---------------------------++-------
  Melee: Unarmed           ||     4
         Kick              ||     2
   Cast: Magic Dart        ||    64
         Beastly Appendage ||     1
 Armour: Robe              ||     2
  Dodge: Dodged            ||     3
